 Dungeon Crawl Stone Soup version 0.31.0-9-g3a7656b989 (webtiles) character file.

Game seed: 8911151106311790558

2394 qw the Skirmisher (level 9, -6/45 HPs)
             Began as a Spriggan Hunter on Feb 2, 2024.
             Mangled by a troll (10 damage)
             ... on level 6 of the Dungeon.
             The game lasted 00:00:19 (4407 turns).

qw the Skirmisher (Spriggan Hunter)                 Turns: 4407, Time: 00:00:20

Health: -6/45      AC:  4    Str:  7    XL:     9   Next: 22%
Magic:  10/10      EV: 26    Int: 10    God:
Gold:   269        SH:  0    Dex: 23    Spells: 8/8 levels left

rFire   . . .        a - +0 shortbow
rCold   . . .        (shield currently unavailable)
rNeg    + . .        c - +0 robe
rPois   .            (helmet restricted)
rElec   .            i - +1 cloak
rCorr   .            (gloves unavailable)
SInv    +            (boots unavailable)
Will    +....        (no amulet)
Stlth   ++           f - ring of positive energy
HPRegen 0.27/turn    (no ring)
MPRegen 0.12/turn

%: no passive effects
@: very quick
A: very small, no large weapons, unfitting armour, see invisible, speed 3
a: no special abilities


You were on level 6 of the Dungeon.
You visited 1 branch of the dungeon, and saw 6 of its levels.

You collected 269 gold pieces.


Innate Abilities, Weirdness & Mutations

You are very small and have problems with some larger weapons.
You are too small for most types of armour.
You have supernaturally acute eyesight. (SInv)
You cover ground extremely quickly. (Speed+++)


   Skills:
 + Level 3.8 Fighting
 - Level 10.0 Ranged Weapons
 - Level 10.0 Dodging
 - Level 1.5 Stealth


You had 8 spell levels left.
You didn't know any spells.
Your spell library was empty.

Inventory:

Hand Weapons
 a - a +0 shortbow (weapon)
Armour
 c - a +0 robe (worn)
 i - a +1 cloak (worn)
Jewellery
 f - a ring of positive energy (left hand)
 g - a ring of ice
Potions
 b - a potion of cancellation
 d - a potion of magic {unknown}
 e - a potion of heal wounds
 h - a potion of enlightenment {unknown}
 j - a potion of curing
 m - a potion of attraction {unknown}

Dungeon Overview and Level Annotations

Branches:
Dungeon (6/15)
 Temple: D:4-7

Altars:
Ashenzari
Cheibriados
Dithmenos
Gozag
Hepliaklqana
Nemelex Xobeh
Qazlal
Uskayaw
Vehumet
Wu Jian
The Shining One

Shops:
D:5 *

Annotations:
D:3 1 runed translucent door, Crazy Yiuf


Message History

You shoot an arrow. The arrow barely misses the troll.
The troll misses you. x2; The troll completely misses you.
You shoot an arrow. The arrow barely misses the troll.
The troll completely misses you. x3
You shoot an arrow.
The arrow hits the troll but does no damage.
The troll is moderately wounded.
The troll completely misses you. The troll closely misses you.
The troll completely misses you.
You shoot an arrow. The arrow hits the troll.
The troll is moderately wounded.
The troll closely misses you. The troll barely misses you. The troll claws you.
You shoot an arrow. The arrow hits the troll.
The troll is moderately wounded.
The troll closely misses you. The troll claws you!
The troll closely misses you.
4401 ||| DRINKING 2 potions of heal wounds.
You feel much better. The troll closely misses you.
The troll barely misses you. The troll closely misses you.
You shoot an arrow. The arrow hits the troll.
The troll is moderately wounded.
The troll completely misses you. The troll misses you.
The troll closely misses you.
You shoot an arrow.
The arrow hits the troll but does no damage.
The troll is moderately wounded.
The troll misses you. The troll barely misses you. The troll claws you.
You shoot an arrow. The arrow hits the troll.
The troll is moderately wounded.
The troll completely misses you. The troll claws you.
The troll closely misses you.
You shoot an arrow. The arrow closely misses the troll.
The troll completely misses you. x2; The troll closely misses you.
You shoot an arrow. The arrow hits the troll.
The troll is moderately wounded.
You shoot an arrow.
The arrow hits the troll but does no damage.
The troll is moderately wounded.
The troll misses you. The troll claws you! x2
You die...

))..~~~
.))..~.
.......
.....
.... #.
..# .#
##T.# ..
#@(.# #.
##.#.# #.
###..# #
#.##...##
#....###
###...##
#....##
..
#..##.###
... #.
#....#


You could see a troll.

Vanquished Creatures
  A hornet (D:5)
  Grinder (D:4)
  Sigmund (D:4)
  6 yaks (D:5)
  Duvessa (D:5)
  An ice beast (D:5)
  An ogre (D:5)
  2 scorpions
  Dowan (D:5)
  A gnoll bouda (D:5)
  6 hounds
  An orc priest (D:5)
  An iguana (D:4)
  Ijyb (D:4)
  A sleepcap (D:5)
  5 adders
  6 gnolls
  2 ufetubi (D:5)
  5 ribbon worms
  10 orcs
  7 ball pythons
  9 endoplasms
  5 giant cockroaches
  9 hobgoblins
  7 jackals
  5 quokkas
  8 bats
  2 frilled lizards (D:1)
  4 goblins
  5 kobolds
  7 rats
122 creatures vanquished.

Notes
Turn   | Place    | Note
-------+----------+-------------------------------------------
     0 | D:1      | qw the Spriggan Hunter began the quest for the Orb.
     0 | D:1      | Reached XP level 1. HP: 10/10 MP: 2/2
     0 | D:1      | 0 ||| qw: Version: 0.3-a-155-g5e7d8dd
     0 | D:1      | 0 ||| qw: Game counter: 2068
     0 | D:1      | 0 ||| qw: Melee chars always use a shield: true
     0 | D:1      | 0 ||| qw: God list: Okawaru
     0 | D:1      | 0 ||| qw: Allow faded altars: false
     0 | D:1      | 0 ||| qw: Do Orc after clearing Dungeon:15 true
     0 | D:1      | 0 ||| qw: Do second Lair branch before Depths: true
     0 | D:1      | 0 ||| qw: Lair rune preference: random
     0 | D:1      | 0 ||| qw: Goals: Normal
     0 | D:1      | 0 ||| PLANNING D:1-11
   124 | D:1      | Reached skill level 3 in Dodging
   266 | D:1      | Reached XP level 2. HP: 14/14 MP: 3/3
   671 | D:1      | 671 ||| READING scroll labelled CUOPRE TIQAMN.
   671 | D:1      | 671 ||| IDENTIFYING lumpy blue potion
   672 | D:1      | 672 ||| READING scroll labelled BUDGHA HIEFUUTO.
   673 | D:1      | 673 ||| DRINKING 2 clear potions.
   674 | D:1      | 674 ||| DROPPING scroll of butterflies.
   675 | D:1      | 675 ||| DROPPING potion of brilliance.
   800 | D:2      | Reached XP level 3. HP: 18/18 MP: 4/4
  1204 | D:2      | Found a faded altar of an unknown god.
  1204 | D:2      | Noticed a chaos spawn
  1311 | D:2      | 1311 ||| UPGRADING to +0 cloak.
  1316 | D:2      | 1316 ||| DROPPING ring of wizardry.
  1317 | D:2      | 1317 ||| DROPPING ring of magical power.
  1318 | D:2      | 1318 ||| READING scroll labelled XIONNIDYFEF.
  1319 | D:2      | 1319 ||| READING scroll labelled DOGEEQ LAUTA.
  1322 | D:2      | 1322 ||| READING scroll labelled JOBUXA UTAUGG.
  1322 | D:2      | 1322 ||| ENCHANTING +0 cloak.
  1323 | D:2      | 1323 ||| DRINKING 2 metallic inky potions.
  1324 | D:2      | 1324 ||| DROPPING potion of degeneration.
  1361 | D:3      | Reached XP level 4. HP: 21/23 MP: 5/5
  1435 | D:3      | 1435 ||| FLEEEEING.
  1438 | D:3      | 1438 ||| FLEEEEING.
  1560 | D:3      | Found a runed translucent door.
  1561 | D:3      | Noticed Crazy Yiuf
  1895 | D:3      | Found an ornate altar of the Wu Jian Council.
  2051 | D:3      | Found a hazy altar of Hepliaklqana.
  2174 | D:3      | Found a glowing golden altar of the Shining One.
  2179 | D:3      | Found a stormy altar of Qazlal.
  2279 | D:3      | 2279 ||| UPGRADING to ring of positive energy.
  2280 | D:3      | 2280 ||| DRINKING 2 inky potions.
  2362 | D:4      | Found a hide-covered altar of Uskayaw.
  2503 | D:4      | Reached XP level 5. HP: 25/26 MP: 6/6
  2510 | D:4      | Noticed Sigmund
  2511 | D:4      | 2511 ||| DRINKING potion of haste.
  2526 | D:4      | Killed Sigmund
  2527 | D:4      | Reached skill level 6 in Ranged Weapons
  2527 | D:4      | Reached XP level 6. HP: 27/30 MP: 7/7
  2629 | D:4      | Noticed Ijyb
  2652 | D:4      | HP: 5/30 [Ijyb/+2 vampiric dagger (6)]
  2653 | D:4      | 2653 ||| DRINKING 3 potions of heal wounds.
  2658 | D:4      | Killed Ijyb
  2659 | D:4      | Reached skill level 6 in Dodging
  2722 | D:4      | Found a radiant altar of Vehumet.
  2722 | D:4      | Noticed Grinder
  2723 | D:4      | 2723 ||| ZAPPING wand of acid (10) at 5,-3 (Grinder;
                  | floor).
  2727 | D:4      | 2727 ||| ZAPPING wand of acid (9) at 5,0 (Grinder;
                  | altar_vehumet).
  2727 | D:4      | Killed Grinder
  2728 | D:4      | Reached XP level 7. HP: 35/35 MP: 8/8
  2777 | D:4      | Found a snail-covered altar of Cheibriados.
  2902 | D:4      | Found a shadowy altar of Dithmenos.
  3151 | D:5      | Entered Level 5 of the Dungeon
  3157 | D:5      | Noticed a yak
  3160 | D:5      | 3160 ||| ZAPPING wand of acid (8) at 0,-5 (yak; floor).
  3161 | D:5      | 3161 ||| ZAPPING wand of acid (7) at 0,-5 (yak; floor).
  3162 | D:5      | 3162 ||| ZAPPING wand of acid (6) at 0,-5 (yak; floor).
  3163 | D:5      | 3163 ||| ZAPPING wand of acid (5) at 0,-4 (yak;
                  | stone_stairs_down_i).
  3163 | D:5      | Noticed a yak
  3164 | D:5      | 3164 ||| ZAPPING wand of acid (4) at 0,-3 (yak; floor).
  3165 | D:5      | Noticed a yak
  3165 | D:5      | 3165 ||| ZAPPING wand of acid (3) at 0,-2 (yak; floor).
  3165 | D:5      | Killed a yak
  3166 | D:5      | Noticed a yak
  3167 | D:5      | Noticed a yak
  3168 | D:5      | 3168 ||| ZAPPING wand of acid (2) at -1,-5 (yak; floor).
  3168 | D:5      | Noticed a yak
  3169 | D:5      | 3169 ||| ZAPPING wand of acid (1) at 0,-4 (yak;
                  | stone_stairs_down_i).
  3175 | D:5      | Killed a yak
  3178 | D:5      | Killed a yak
  3179 | D:5      | Reached skill level 3 in Fighting
  3179 | D:5      | Reached XP level 8. HP: 38/40 MP: 9/9
  3199 | D:5      | HP: 9/40 [yak (15)]
  3200 | D:5      | 3200 ||| READING scroll of teleportation.
  3201 | D:5      | 3201 ||| DRINKING 3 potions of heal wounds.
  3236 | D:5      | Reached skill level 9 in Ranged Weapons
  3249 | D:5      | Reached skill level 9 in Dodging
  3472 | D:5      | Found a broken altar of Ashenzari.
  3533 | D:5      | Noticed a hornet
  3543 | D:5      | Killed a hornet
  3712 | D:5      | Found a sparkling altar of Nemelex Xobeh.
  3743 | D:5      | Reached XP level 9. HP: 44/44 MP: 10/10
  3868 | D:5      | Found an opulent altar of Gozag.
  3869 | D:5      | Found Gozag's Platinum Reserve.
  3882 | D:5      | 3882 ||| SHOPLISTING +0 robe "Beofor" {rElec} (1470 gold,
                  | have 269).
  3882 | D:5      | 3882 ||| SHOPLISTING +2 sling "Xydos" {freeze, rElec rC+}
                  | (3370 gold, have 269).
  3882 | D:5      | 3882 ||| SHOPLISTING amulet of Zin's Displeasure {Spirit
                  | Harm ^Fragile rF+ Str+3} (4470 gold, have 269).
  3882 | D:5      | 3882 ||| SHOPLISTING ring "Billuram" {^Contam Fly rCorr
                  | Int+2 Slay+2 Stlth+} (3990 gold, have 269).
  3896 | D:5      | Noticed Duvessa
  3898 | D:5      | Noticed Dowan
  3907 | D:5      | Killed Duvessa
  3919 | D:5      | Killed Dowan
  4303 | D:5      | 4303 ||| READING scroll labelled HAOZOCZYUNA.
  4304 | D:5      | 4304 ||| READING scroll labelled FIEMEC JINOU.
  4305 | D:5      | 4305 ||| DRINKING 2 smoky emerald potions.
  4306 | D:5      | 4306 ||| DRINKING 2 red potions.
  4381 | D:6      | Noticed a troll
  4400 | D:6      | HP: 4/45 [troll (10)]
  4401 | D:6      | 4401 ||| DRINKING 2 potions of heal wounds.
  4407 | D:6      | HP: 4/45 [troll (12)]
  4407 | D:6      | Mangled by a troll

Levels and vault maps discovered:
D:1:      lemuel_arrival_rhombus, layout_basic, dreamdust_wishing_well
D:2:      layout_loops_cross, dreamdust_ecumenical_altar_sealed_demon
D:3:      layout_basic, nicolae_hepliaklqana_hippocampus,
          nicolae_wu_jian_immortal_techniques, minitemple,
          uniq_crazy_yiuf_cottage
D:4:      layout_basic, nicolae_dithmenos_the_darkroom,
          mainiacjoe_overflow_alcove_1, nicolae_vehumet_altar_sigil,
          mainiacjoe_overflow_six_doors_small, uniq_sigmund, uniq_ijyb,
          uniq_grinder
D:5:      layout_loops_ring, nicolae_gozag_zags_fifth_avenue,
          mainiacjoe_overflow_surrounded_room, nemelex_diamond_rough_becter,
          nrook_pool_corridor, nrook_mini_vaults, uniq_duvessa
D:6:      minmay_goblin_kobold_castle, layout_rooms, okawaru_ov_weapons_minmay,
          minmay_temple_entry_hall, serial_shops, nicolae_shop_tiny_waterfront

Skill      XL: |  1  2  3  4  5  6  7  8  9 |
---------------+----------------------------+-----
Dodging        | 3 4 5 6 8 9 10 | 10.0
Ranged Weapons | 5 6 7 8 10 | 10.0
Fighting       | 2 3 |  3.8
Stealth        | |  1.5

Action                     |  1- 3 |  4- 6 |  7- 9 || total
---------------------------+-------+-------+-------++-------
   Fire: Shortbow          |   120 |   150 |   250 ||   520
  Evoke: Wand              |       |     2 |     8 ||    10
    Use: Scroll            |     5 |       |     3 ||     8
         Potion            |     2 |     3 |     4 ||     9
 Armour: Robe              |     8 |    37 |    38 ||    83
  Dodge: Dodged            |    41 |    56 |   176 ||   273

Table legend:
 A = Non-vault XP
 B = Vault XP
 C = Vault XP percentage of total XP
 D = Non-vault monster count
 E = Vault monster count
 F = Vault count percentage of total count
                 A         B        C        D         E       F
            +---------+---------+-------+---------+---------+-------
      Total |    2675 |     746 |  21.8 |     110 |      12 |   9.8
            +---------+---------+-------+---------+---------+-------
        D:1 |      27 |       0 |   0.0 |      18 |       0 |   0.0
        D:2 |      67 |       0 |   0.0 |      21 |       0 |   0.0
        D:3 |      65 |       0 |   0.0 |      22 |       0 |   0.0
        D:4 |     241 |     517 |  68.2 |      20 |       3 |  13.0
        D:5 |    2232 |     202 |   8.3 |      28 |       2 |   6.7
        D:6 |      43 |      27 |  38.6 |       1 |       7 |  87.5
            +---------+---------+-------+---------+---------+-------
